 Dungeon Crawl Stone Soup version 0.30-a0-743-gbfdf073431 (webtiles) character file.

Game seed: 3784979556586757625

520 epen the Prestidigitator (level 7, -1/56 HPs)
             Began as a Gnoll Wanderer on Feb 6, 2023.
             Was a Priest of Cheibriados.
             Slain by Pikel
             ... wielding a +1 whip of flaming
              (5 damage)
             ... on level 5 of the Dungeon.
             The game lasted 00:06:00 (4122 turns).

epen the Prestidigitator (Gnoll Wanderer)           Turns: 4122, Time: 00:06:01

Health: -1/56      AC:  4    Str: 23    XL:     7   Next: 21%
Magic:  12/12      EV: 13    Int: 21    God:    Cheibriados [***...]
Gold:   244        SH:  0    Dex: 19    Spells: 12/13 levels left

rFire   . . .      SeeInvis .    s - +4 sling (freeze)
rCold   + . .      Faith    .    (no shield)
rNeg    . . .      Spirit   .    d - +0 robe
rPois   .          Reflect  .    (no helmet)
rElec   .          Harm     .    z - +0 cloak
rCorr   .          Rampage  .    j - +0 pair of gloves
Will    .....                    (no boots)
Stlth   ++                       (no amulet)
HPRegen 0.29/turn                l - +6 ring of strength
MPRegen 0.13/turn                o - ring of protection from cold

@: very slow
A: fangs 1, strong nose, distributed training
a: Renounce Religion, Bend Time, Temporal Distortion


You were on level 5 of the Dungeon.
You worshipped Cheibriados.
Cheibriados was most pleased with you.
You visited 1 branch of the dungeon, and saw 5 of its levels.
You also visited: Sewer.

You collected 244 gold pieces.

Inventory:

Hand Weapons
 a - a +0 club
 g - a +1 vampiric dagger
 s - a +4 sling of freezing (weapon)
 w - a +1 short sword of venom
Missiles
 u - 5 curare-tipped darts
Armour
 d - a +0 robe (worn)
 j - a +0 pair of gloves (worn)
 z - a +0 cloak (worn)
Jewellery
 l - a +6 ring of strength (left hand)
 o - a ring of protection from cold (right hand)
 v - a ring of positive energy
Wands
 e - a wand of polymorph (15)
Scrolls
 c - a scroll of fog
 p - 10 scrolls of identify
Potions
 b - 3 potions of attraction
 f - 3 potions of curing
 h - a potion of cancellation {unknown}
 i - a potion of invisibility {unknown}
 k - 3 potions of degeneration
 m - a potion of resistance {unknown}
 n - a potion of brilliance {unknown}
 r - 2 potions of heal wounds
 B - 6 potions of flight


   Skills:
 + Level 5.2 Fighting
 + Level 2.4 Short Blades
 + Level 2.4 Long Blades
 + Level 2.4 Axes
 + Level 2.4 Maces & Flails
 + Level 2.4 Polearms
 + Level 2.4 Staves
 + Level 2.4 Ranged Weapons
 + Level 3.6 Throwing
 + Level 2.4 Armour
 + Level 2.4 Dodging
 + Level 2.4 Stealth
 + Level 2.4 Shields
 + Level 2.4 Unarmed Combat
 + Level 3.7 Spellcasting
 + Level 2.0 Conjurations
 + Level 2.0 Hexes
 + Level 2.0 Summonings
 + Level 2.0 Necromancy
 + Level 2.0 Translocations
 + Level 2.0 Transmutations
 + Level 2.0 Fire Magic
 + Level 2.0 Ice Magic
 + Level 2.0 Air Magic
 + Level 2.0 Earth Magic
 + Level 4.3 Poison Magic
 + Level 2.7 Invocations
 + Level 8.9 Evocations


You had 12 spell levels left.
You knew the following spells:

 Your Spells              Type           Power      Damage    Failure   Level
a - Sting                 Tmut/Pois      68%        1d6       3%          1

Your spell library contained the following spells:

 Spells                   Type           Power      Damage    Failure   Level
 Spider Form              Tmut/Pois      17%        N/A       10%         3
 Call Canine Familiar     Summ           12%        N/A       16%         3
 Frozen Ramparts          Ice            24%        1d4       16%         3
 Portal Projectile        Hex/Tloc       24%        N/A       16%         3
 Ice Form                 Ice/Tmut       12%        N/A       47%         4
 Leda's Liquefaction      Hex/Erth       6%         N/A       47%         4
 Summon Ice Beast         Ice/Summ       12%        N/A       47%         4


Dungeon Overview and Level Annotations

Branches:
Dungeon (5/15)             Temple (0/1) D:4           Sewer (visited)

Altars:
Cheibriados

Shops:
D:1 (

Annotations:
D:5 Pikel


Innate Abilities, Weirdness & Mutations

You have very sharp teeth.
Your uncanny sense of smell can sniff out nearby items.
Your experience applies equally to all skills.


Message History

Aim: a lemure (heavily wounded, 60% to hit)
You shoot a sling bullet.
The sling bullet closely misses the lemure.
You hear an angry hiss.
Pikel is engulfed in poison gas.
Pikel is poisoned.
The lemure hits you.
Pikel is engulfed in poison gas.
Pikel looks even sicker.
The lemure hits you.
Fire: s) +4 sling (freeze)
Press: ? - help, Shift-Dir - straight line, f - Pikel, p - lemure
Aim: Pikel, wielding a +1 whip of flaming and wearing a +0 robe (heavily wounded, very poisoned, 60% to hit)
You shoot a sling bullet. The sling bullet hits Pikel.
The sling bullet freezes Pikel.
Pikel is heavily wounded.
You hear a shout!
The lemure hits you.
Pikel hits you with a +1 whip of flaming.
Pikel burns you.
Fire: s) +4 sling (freeze)
Press: ? - help, Shift-Dir - straight line, f/p - Pikel
Aim: Pikel, wielding a +1 whip of flaming and wearing a +0 robe (heavily wounded, very poisoned, 60% to hit)
You shoot a sling bullet. The sling bullet hits Pikel.
The sling bullet freezes Pikel.
Pikel is severely wounded.
The lemure hits you.
Pikel hits you with a +1 whip of flaming!
Pikel burns you.
Fire: s) +4 sling (freeze)
Press: ? - help, Shift-Dir - straight line, f/p - Pikel
Aim: Pikel, wielding a +1 whip of flaming and wearing a +0 robe (severely wounded, very poisoned, 60% to hit)
You shoot a sling bullet. The sling bullet hits Pikel!
The sling bullet freezes Pikel.
Pikel is almost dead.
The lemure hits you.
* * * LOW HITPOINT WARNING * * *
Pikel hits you with a +1 whip of flaming!
* * * LOW HITPOINT WARNING * * *
Pikel burns you.
* * * LOW HITPOINT WARNING * * *
The lemure closely misses you.
Pikel hits you with a +1 whip of flaming.
You die...

#...###..###
#####...#§.§○☼§###
##...#...#☼§.○☼§☼§##
.#.#.....§○§§#§§§§.#
#.........#§§#§§§§##
#.##.....##§§§○§○##
...#.....§☼§○§§§§###
.........§§§§○§○○☼§#
.#.............#@§§#
.#......##.....#K5##
.#.#....#......§§##
.#.##..##.....☼§§#
...# ........○§○○5
...# ...###§§§§##.
...... .# #§### 5.
....## .§§ K. #.....
... ..5


You could see Pikel (very poisoned) and 2 lemures.

Vanquished Creatures
  A black bear (D:4)
  2 scorpions (D:4)
  2 hounds (D:4)
  A jelly (D:4)
  5 river rats (Sewer)
  10 adders
  2 worms (Sewer)
  15 ball pythons
  7 endoplasms
  5 giant cockroaches
  5 goblins
  6 hobgoblins
  10 jackals
  2 quokkas
  9 bats
  4 frilled lizards
  8 kobolds
  7 rats
101 creatures vanquished.

Notes
Turn   | Place    | Note
-------+----------+-------------------------------------------
     0 | D:1      | epen the Gnoll Wanderer began the quest for the Orb.
     0 | D:1      | epen set off with the following items: a +0 club, a potion
                  | of attraction, a scroll of fog, a +0 robe, a wand of
                  | polymorph (15); and the following spell memorised: Sting;
                  | and the following spells available to memorise: Spider
                  | Form.
     0 | D:1      | Reached XP level 1. HP: 20/20 MP: 4/4
   212 | D:1      | Found Tewk's Antique Weapon Emporium.
   331 | D:1      | Reached XP level 2. HP: 26/26 MP: 5/5
  1019 | D:2      | Found a snail-covered altar of Cheibriados.
  1025 | D:2      | Became a worshipper of Cheibriados the Contemplative
  1082 | D:2      | Reached XP level 3. HP: 17/31 MP: 2/7
  1278 | D:2      | Reached skill level 1 in Invocations
  1457 | D:2      | Reached * piety under Cheibriados
  1515 | D:2      | Reached skill level 1 in Short Blades
  1515 | D:2      | Reached skill level 1 in Long Blades
  1515 | D:2      | Reached skill level 1 in Axes
  1515 | D:2      | Reached skill level 1 in Maces & Flails
  1515 | D:2      | Reached skill level 1 in Polearms
  1515 | D:2      | Reached skill level 1 in Staves
  1515 | D:2      | Reached skill level 1 in Ranged Weapons
  1515 | D:2      | Reached skill level 1 in Armour
  1515 | D:2      | Reached skill level 1 in Dodging
  1515 | D:2      | Reached skill level 1 in Stealth
  1515 | D:2      | Reached skill level 1 in Shields
  1515 | D:2      | Reached skill level 1 in Unarmed Combat
  1849 | D:3      | Reached XP level 4. HP: 38/38 MP: 8/8
  1957 | D:3      | Found a faded altar of an unknown god.
  2305 | D:4      | Found a glowing drain.
  2315 | Sewer    | Entered a sewer
  2326 | Sewer    | Reached skill level 1 in Conjurations
  2326 | Sewer    | Reached skill level 1 in Hexes
  2326 | Sewer    | Reached skill level 1 in Summonings
  2326 | Sewer    | Reached skill level 1 in Necromancy
  2326 | Sewer    | Reached skill level 1 in Translocations
  2326 | Sewer    | Reached skill level 1 in Transmutations
  2326 | Sewer    | Reached skill level 1 in Fire Magic
  2326 | Sewer    | Reached skill level 1 in Ice Magic
  2326 | Sewer    | Reached skill level 1 in Air Magic
  2326 | Sewer    | Reached skill level 1 in Earth Magic
  2356 | Sewer    | Reached ** piety under Cheibriados
  2494 | Sewer    | Reached XP level 5. HP: 25/43 MP: 9/9
  3108 | D:4      | Reached skill level 5 in Fighting
  3108 | D:4      | Reached XP level 6. HP: 51/51 MP: 9/11
  3147 | D:4      | Reached *** piety under Cheibriados
  3509 | D:4      | Found a staircase to the Ecumenical Temple.
  3562 | D:4      | Noticed a black bear
  3571 | D:4      | Killed a black bear
  3572 | D:4      | Reached XP level 7. HP: 45/56 MP: 12/12
  4054 | D:5      | Entered Level 5 of the Dungeon
  4111 | D:5      | Noticed Pikel
  4122 | D:5      | Slain by Pikel

Illustrated notes

Levels and vault maps discovered:
D:1:      eino_arrival_water_star, layout_basic, serial_shops,
          nicolae_shop_advertising_works [nicolae_subvault_shop_adworks],
          kennysheep_minor_cross
D:2:      layout_loops_ring, basic_altar, nrook_mini_backslash
D:3:      layout_loops_ring, chequers_ecumenical_altar_island
D:4:      layout_gridville, minmay_temple_entry_grid, portal_sewer_entry_a
D:5:      layout_cave_pools, nicolae_qazlal_general_emergency,
          mainiacjoe_overflow_divided_tiny, serial_shops, shop, uniq_pikel

Skill      XL: |  1  2  3  4  5  6  7 |
---------------+----------------------+-----
Invocations    | 1 2 |  2.7
Short Blades   | 1 2 |  2.4
Long Blades    | 1 2 |  2.4
Axes           | 1 2 |  2.4
Maces & Flails | 1 2 |  2.4
Polearms       | 1 2 |  2.4
Staves         | 1 2 |  2.4
Ranged Weapons | 1 2 |  2.4
Armour         | 1 2 |  2.4
Dodging        | 1 2 |  2.4
Stealth        | 1 2 |  2.4
Shields        | 1 2 |  2.4
Unarmed Combat | 1 2 |  2.4
Spellcasting   | 3 |  3.7
Conjurations   | 1 2 |  2.0
Hexes          | 1 2 |  2.0
Summonings     | 1 2 |  2.0
Necromancy     | 1 2 |  2.0
Translocations | 1 2 |  2.0
Transmutations | 1 2 |  2.0
Fire Magic     | 1 2 |  2.0
Ice Magic      | 1 2 |  2.0
Air Magic      | 1 2 |  2.0
Earth Magic    | 1 2 |  2.0
Throwing       | 3 |  3.6
Poison Magic   | 4 |  4.3
Fighting       | 5 |  5.2
Evocations     | |  8.9

Action                     |  1- 3 |  4- 6 |  7- 9 || total
---------------------------+-------+-------+-------++-------
  Melee: Dagger            |    38 |       |       ||    38
         Club              |     8 |       |       ||     8
         Bite              |     2 |       |       ||     2
         Punch             |     2 |       |       ||     2
   Fire: Sling             |    41 |   140 |    16 ||   197
   Cast: Sting             |    10 |       |       ||    10
    Use: Potion            |     1 |       |       ||     1
         Scroll            |       |     6 |     4 ||    10
   Stab: Sleeping          |     1 |       |       ||     1
 Armour: Robe              |    11 |    24 |     2 ||    37
  Dodge: Dodged            |    30 |    54 |     9 ||    93

Table legend: (Time is in decaauts)
 A = Elapsed time spent in this place.
 B = Non-inter-level travel time spent in this place.
 C = Inter-level travel time spent in this place.
 D = Time resting spent in this place.
 E = Time spent auto-exploring this place.
 F = Levels seen in this place.
 G = Mean time per level.
                   A        B        C        D        E       F      G
               +--------+--------+--------+--------+--------+-----+--------+
         Total |   5401 |   5167 |    234 |    100 |   4307 |   6 |  900.2 |
       Dungeon |   4154 |   3920 |    234 |    100 |   3342 |   5 |  830.8 |
         Sewer |   1246 |   1246 |      0 |      0 |    965 |   1 | 1246.0 |
               +--------+--------+--------+--------+--------+-----+--------+

Top non-repeatable levels by time:
     D:4: 1321 daAuts
   Sewer: 1246 daAuts
     D:2: 1057 daAuts
     D:1: 867 daAuts
     D:3: 804 daAuts
     D:5: 103 daAuts
